 Dungeon Crawl Stone Soup version 0.18-a0-1570-gf60b0ab (webtiles) character file.

3817 poirepourri the Thaumaturge (level 9, 0/47 HPs)
             Began as a Deep Elf Fire Elementalist on Mar 9, 2016.
             Was an Initiate of Vehumet.
             Slain by an orc warrior
             ... wielding a +0 halberd
              (10 damage)
             ... on level 9 of the Dungeon on Mar 14, 2016.
             The game lasted 00:20:56 (9421 turns).

poirepourri the Thaumaturge (DEFE)                  Turns: 9421, Time: 00:20:56

Health: 0/47       AC:  7    Str:  5    XL:     9   Next: 97%
Magic:  6/25       EV: 22    Int: 24    God:    Vehumet [......]
Gold:   52         SH:  0    Dex: 20    Spells: 6 memorised, 11 levels left

rFire  + . .     SeeInvis .     M - +2 short sword
rCold  + + .     Gourm    .     a - +1 robe
rNeg   + . .     Faith    .     (no shield)
rPois  +         Spirit   .     (no helmet)
rElec  +         Dismiss  .     y - +0 cloak
rCorr  +         Reflect  .     g - +1 pair of gloves
SustAt .         Harm     .     w - +0 pair of boots
MR     .....                    (no amulet)
Stlth  ++++......               A - ring of protection from cold
                                j - ring of positive energy

@: agile, resistant, not resistant to hostile enchantments, stealthy
A: no striking features
a: Renounce Religion


You were on level 9 of the Dungeon.
You worshipped Vehumet.
Vehumet was noncommittal.
You were not hungry.

You visited 2 branches of the dungeon, and saw 10 of its levels.
You also visited: Sewer.

You collected 332 gold pieces.
You spent 280 gold pieces at shops.

Inventory:

Hand Weapons
 M - a +2 short sword (weapon)
Armour
 a - a +1 robe (worn)
 g - a +1 pair of gloves (worn)
 w - a +0 pair of boots (worn)
 y - a +0 cloak (worn)
 N - a +0 leather armour
Jewellery
 j - a ring of positive energy (left hand)
 s - an uncursed amulet of dismissal
 A - a ring of protection from cold (right hand)
Wands
 l - a wand of lightning (0/15)
 o - a wand of slowing (26/48)
 r - a wand of iceblast (13/15)
 E - a wand of random effects (23/48)
 J - a wand of lightning (4/15)
 K - a wand of paralysis (19/24)
 L - a wand of polymorph (15/24)
 P - a wand of heal wounds (2/9)
Scrolls
 h - 7 scrolls of remove curse
 i - a scroll of fog
 n - a scroll of amnesia
 q - a scroll of identify
 z - 2 scrolls of recharging
 D - a scroll of magic mapping
Potions
 d - 2 potions of curing
 e - 3 potions of flight
 f - 3 potions of invisibility
 k - a potion of agility
 m - a potion of resistance
 t - a potion of heal wounds
 u - 2 potions of magic {unknown}
 x - a potion of might {unknown}
 G - 3 potions of mutation
Books
 b - a book of Flames

   Spells                             Type                      Level
   a - Flame Tongue                   Conjuration/Fire             1
   b - Throw Flame                    Conjuration/Fire             2
   c - Conjure Flame                  Conjuration/Fire             3
   d - Inner Flame                    Hexes/Fire                   3
   e - Sticky Flame                   Conjuration/Fire             4
   f - Fireball                       Conjuration/Fire             5
Comestibles
 c - 10 bread rations
 p - 5 meat rations
 v - 6 beef jerkies
 F - a royal jelly
 I - 6 fruits


   Skills:
 - Level 1.0 Fighting
 + Level 5.9 Dodging
 + Level 4.3 Stealth
 + Level 10.8 Spellcasting
 + Level 7.8 Conjurations
 + Level 9.1 Fire Magic


You had 11 spell levels left.
You knew the following spells:

 Your Spells              Type           Power        Failure   Level  Hunger
a - Flame Tongue          Conj/Fire      #####        1%          1    None
b - Throw Flame           Conj/Fire      ######       1%          2    None
c - Conjure Flame         Conj/Fire      ######..     1%          3    None
d - Inner Flame           Hex/Fire       ####....     2%          3    None
e - Sticky Flame          Conj/Fire      ######..     1%          4    None
f - Fireball              Conj/Fire      ######....   4%          5    ####...


Dungeon Overview and Level Annotations

Branches:
Dungeon (9/15)             Temple (1/1) D:4            Lair (0/8) D:9
    Orc: D:9-12

Altars:
Ashenzari
Cheibriados
Dithmenos
Elyvilon
Fedhas
Gozag
Kikubaaqudgha
Makhleb
Nemelex Xobeh
Okawaru
Pakellas
Qazlal
Ru
Sif Muna
Trog
Vehumet
Xom
Yredelemnul
Zin
The Shining One

Shops:
D:7 %

Annotations:
D:9 Maurice


Message History

The orc warrior barely misses you. The quasit barely misses you.
The quasit completely misses you. The quasit closely misses you.
Unknown command.
You barely miss the quasit.
The quasit is moderately wounded.
The quasit misses you. The quasit completely misses you.
The quasit closely misses you. The orc warrior misses you.
Unknown command.
You miss the quasit.
The quasit is moderately wounded.
The quasit completely misses you.
The quasit claws you but does no damage.
The quasit misses you. The orc warrior closely misses you.
You hit the quasit.
The quasit is heavily wounded.
The quasit closely misses you. The quasit misses you.
The quasit closely misses you. x3
The quasit claws you but does no damage.
The orc warrior hits you from afar with a halberd!
You die...

.....).# #[# .####### #.#
#.# #.# ########.####
###### #...........#
.....# #.....o.....#
.....########...........#
.....Y.....))...@5......#
....)########[.(.(.(....#
.....# ####(########
.....# #.# .....# #.#
'##### #.# .# #.# .. #.#
### #.#


You could see an orc warrior and a quasit.

Vanquished Creatures
  The ghost of dorian the Covert, a novice VSAs (D:7)
  2 yaks (D:9)
  2 hippogriffs
  Purgy (Sewer)
  3 ice beasts
  An orc warrior (D:9)
  2 sky beasts (D:8)
  A wasp (D:7)
  A phantom (D:6)
  5 ogres
  3 centaurs
  2 giant frogs
  2 scorpions
  4 wights
  4 crimson imps
  A giant frog zombie (D:6)
  3 hounds
  2 centaur skeletons
  3 orc priests
  2 jellies (D:6)
  2 orc wizards (D:5)
  Crazy Yiuf (D:7)
  6 worker ants
  A hound zombie (D:5)
  A hound skeleton (D:8)
  6 adders
  A howler monkey skeleton (D:5)
  5 gnolls
  3 shadow imps
  An ooze (D:1)
  An adder skeleton (D:8)
  3 worms
  A dart slug (D:1)
  4 giant geckos
  15 orcs
  2 ball pythons (D:1)
  5 bats
  4 giant cockroaches
  14 goblins
  14 hobgoblins
  9 jackals
  4 quokkas
  A giant gecko skeleton (D:5)
  4 giant newts
  11 kobolds
  7 rats
171 creatures vanquished.

Notes
Turn   | Place    | Note
--------------------------------------------------------------
     0 | D:1      | poirepourri the Deep Elf Fire Elementalist began the quest for the Orb.
     0 | D:1      | Reached XP level 1. HP: 10/10 MP: 6/6
    68 | D:1      | Reached XP level 2. HP: 4/15 MP: 0/8
   453 | D:1      | Reached XP level 3. HP: 19/19 MP: 7/9
   663 | D:1      | Learned a level 2 spell: Throw Flame
   667 | D:1      | Learned a level 3 spell: Conjure Flame
  1095 | D:2      | Learned a level 3 spell: Inner Flame
  1380 | D:2      | Reached XP level 4. HP: 15/24 MP: 3/11
  1520 | D:2      | Found a blossoming altar of Fedhas.
  1911 | D:2      | Found a shadowy altar of Dithmenos.
  2193 | D:3      | Reached skill level 4 in Spellcasting
  2915 | D:4      | Reached XP level 5. HP: 12/28 MP: 5/13
  3548 | D:4      | Found a staircase to the Ecumenical Temple.
  3963 | Temple   | Entered the Ecumenical Temple
  4070 | Temple   | Became a worshipper of Makhleb the Destroyer
  4178 | D:4      | Noticed an ogre
  4184 | D:4      | Killed an ogre
  4184 | D:4      | Reached skill level 5 in Spellcasting
  4184 | D:4      | Reached skill level 5 in Fire Magic
  4280 | D:4      | Reached XP level 6. HP: 24/32 MP: 0/15
  4618 | D:4      | Found a snail-covered altar of Cheibriados.
  4686 | D:5      | Entered Level 5 of the Dungeon
  4851 | D:5      | Noticed an ice beast
  4859 | D:5      | Killed an ice beast
  4859 | D:5      | Reached XP level 7. HP: 36/36 MP: 8/17
  4921 | D:5      | Reached skill level 6 in Spellcasting
  4925 | D:5      | Reached * piety under Makhleb
  5428 | D:5      | Learned a level 4 spell: Sticky Flame
  5434 | D:5      | Learned a level 5 spell: Fireball
  5597 | D:6      | Reached skill level 5 in Conjurations
  5699 | D:6      | Reached XP level 8. HP: 39/41 MP: 10/20
  5705 | D:6      | Reached skill level 7 in Spellcasting
  6070 | D:6      | Found a glowing drain.
  6176 | Sewer    | Entered a sewer
  6269 | Sewer    | Reached ** piety under Makhleb
  6273 | Sewer    | Noticed Purgy
  6284 | Sewer    | Killed Purgy
  6538 | D:7      | Reached skill level 8 in Spellcasting
  6655 | D:7      | Noticed dorian's ghost (novice VSAs)
  6677 | D:7      | Killed dorian's ghost
  6689 | D:7      | Reached skill level 5 in Dodging
  6924 | D:7      | Reached XP level 9. HP: 46/46 MP: 20/23
  7103 | D:7      | Found Xoezuyfe's Food Shop.
  7141 | D:7      | Bought a meat ration for 50 gold pieces
  7141 | D:7      | Bought a meat ration for 50 gold pieces
  7141 | D:7      | Bought a bread ration for 50 gold pieces
  7141 | D:7      | Bought a meat ration for 50 gold pieces
  7141 | D:7      | Bought a meat ration for 50 gold pieces
  7141 | D:7      | Bought 2 fruits for 30 gold pieces
  7184 | D:7      | Noticed Crazy Yiuf
  7189 | D:7      | Killed Crazy Yiuf
  7248 | D:7      | Reached skill level 9 in Spellcasting
  7493 | D:8      | Reached skill level 1 in Fighting
  7752 | D:8      | Found a stormy altar of Qazlal.
  8181 | D:8      | Found a deep blue altar of Sif Muna.
  8186 | D:8      | Reached skill level 10 in Spellcasting
  8323 | D:8      | Found an opulent altar of Gozag.
  8455 | D:8      | Found a basalt altar of Yredelemnul.
  8456 | D:8      | Found a radiant altar of Vehumet.
  8470 | D:8      | Reached *** piety under Makhleb
  8576 | D:8      | Fell from the grace of Makhleb
  8576 | D:8      | Became a worshipper of Vehumet
  9040 | D:9      | Found a staircase to the Lair.
  9347 | D:9      | HP: 1/47 [yak (12)]
  9355 | D:9      | Noticed Maurice
  9394 | D:9      | Upgraded the game from 0.18-a0-1539-g1c7284a to 0.18-a0-1570-gf60b0ab
  9421 | D:9      | Slain by an orc warrior

Vault maps used:
D:1:      dpeg_arrival_arbitrary_b
D:2:      lemuel_coloured_pillars_altar, fedhas_altar_2
D:3:      serial_glass, glass_columns_a, glass_columns_a, glass_columns_c,
          glass_columns_b, glass_columns_a
D:4:      kennysheep_the_goblin_king, cheibriados_altar_wand_db,
          minmay_temple_entry_overgrown
D:5:      first_bread
D:6:      lightli_sewer_entry_pipes, serial_curves, eino_curves_02,
          eino_curves_01
D:7:      serial_shops, nicolae_shop_trees, grunt_ogre_cave,
          uniq_crazy_yiuf_cottage
D:8:      nicolae_gozag_seed_capital, lemuel_doored_altar, kennysheep_mini,
          grunt_temple_overflow_open
D:9:      lair_0_dummy, serial_shops, kennysheep_mini_moat, uniq_maurice
Temple:   circular_temple_12
Sewer:    kennysheep_door_sewer

Skill      XL: |  1  2  3  4  5  6  7  8  9 |
---------------+----------------------------+-----
Fire Magic     | 4 5 6 7 9 |  9.1
Conjurations   | 2 3 4 5 6 7 |  7.8
Spellcasting   | 4 5 6 8 10 | 10.8
Dodging        | 3 5 |  5.9
Stealth        | 3 4 |  4.3
Fighting       | 1 |  1.0

Action                   |  1- 3 |  4- 6 |  7- 9 || total
-------------------------+-------+-------+-------++-------
Melee: Unarmed           |       |     1 |    18 ||    19
       Short sword       |       |       |    44 ||    44
 Cast: Flame Tongue      |    63 |    46 |   190 ||   299
       Throw Flame       |     4 |    55 |   106 ||   165
       Fireball          |       |       |     1 ||     1
       Conjure Flame     |       |       |     1 ||     1
Evoke: Wand              |       |       |     6 ||     6
  Use: Scroll            |     4 |    10 |    10 ||    24
       Potion            |       |     1 |     9 ||    10
  Eat: Meat ration       |     1 |       |     2 ||     3
       Bread ration      |       |     2 |       ||     2
       Beef jerky        |       |     1 |     2 ||     3
